AoeStats
← LeonTK

Black Forest

504559283Analyzed
4v4 RM · 26d ago on Sep 5, 2026· 41m 10s· 8 players
Game mode
Random Map
Map size
Large (8 player)
Population
200
Speed
Normal
Resources
Standard
Victory
Conquest
Starting age
Dark Age
Ending age
Imperial Age
RankedLock teamsTeams togetherTeam positionsShared explorationLock speedFull tech treeHidden civsTurbo modeCheats
Victory
Defeat
🇦🇹 Dravidians · Austria
1413
+14
🇪🇨 Magyars · Ecuador
1297
+19
🇧🇷 Japanese · Brazil
1291
+19
🇵🇱 Maya · Poland
1249
+21
🇨🇴 Poles · Colombia
1406
-20
🇹🇷 Turks · Türkiye
1394
-20
🇲🇽 Persians · Mexico
1339
-17
🇦🇹 Bengalis · Austria
1316
-16
Sastre ᴿˢ-
12:50 Feudal Age
16:50 Castle Age
17:52 Double-Bit Axe
18:39 Horse Collar
21:38 Wheelbarrow
21:18 Stone Mining
23:27 Loom
26:40 Forging
27:11 Fletching
28:51 Scale Mail Armor
29:23 Heavy Plow
29:25 Gold Mining
33:21 Imperial Age
31:39 Hand Cart
31:36 Bow Saw
31:50 Bloodlines
31:40 Husbandry
32:11 Bodkin Arrow
33:43 Stone Shaft Mining
33:26 Chain Mail Armor
39:24 Two-Man Saw
LeonTK
1:31 Loom
12:32 Feudal Age
14:19 Horse Collar
17:30 Scale Barding Armor
18:37 Double-Bit Axe
26:23 Castle Age
25:08 Forging
25:13 Stone Mining
29:36 Iron Casting
29:05 Husbandry
Mahore
2:32 Loom
11:52 Feudal Age
16:28 Castle Age
14:19 Horse Collar
14:25 Double-Bit Axe
19:12 Bow Saw
19:06 Heavy Plow
19:58 Wheelbarrow
19:48 Fishing Lines
24:33 Man-at-Arms
26:52 Forging
28:34 Iron Casting
27:34 Long Swordsman
28:16 Scale Mail Armor
28:34 Hand Cart
30:11 Caravan
31:37 Squires
31:22 Arson
37:22 Imperial Age
35:04 Szlachta Privileges
35:02 Husbandry
36:29 Gold Mining
36:30 Stone Mining
37:31 Bloodlines
37:41 Chain Mail Armor
37:32 Scale Barding Armor
37:37 Elite Obuch
38:42 Lechitic Legacy
38:43 Conscription
38:14 Town Watch
39:00 Crop Rotation
39:09 Stone Shaft Mining
38:04 Cavalier
40:24 Blast Furnace
SEFA
11:40 Feudal Age
11:40 Loom
12:20 Double-Bit Axe
13:35 Double-Bit Axe
16:18 Castle Age
14:07 Fishing Lines
17:05 Gillnets
21:56 Scale Barding Armor
27:37 Chain Barding Armor
27:34 Bloodlines
31:53 Imperial Age
32:44 Wheelbarrow
32:32 Forging
NPC
0:32 Loom
12:42 Feudal Age
13:24 Double-Bit Axe
17:26 Castle Age
16:28 Fishing Lines
16:33 Horse Collar
18:40 Bow Saw
18:09 Pikeman
19:38 Heavy Plow
19:47 Pikeman
23:09 Scale Mail Armor
27:28 Forging
30:17 Iron Casting
29:39 Gold Mining
34:11 Imperial Age
32:23 Ballistics
32:49 Wheelbarrow
33:41 Thumb Ring
34:23 Fletching
34:33 Padded Archer Armor
35:41 Conscription
35:20 Bodkin Arrow
35:58 Conscription
36:07 Fortified Wall
37:01 Chemistry
37:45 Two-Man Saw
36:50 Halberdier
38:06 Bracer
38:21 Leather Archer Armor
39:55 Blast Furnace
39:54 Town Watch
40:26 Hand Cart
40:13 Elite Plumed Archer
Leobossy
5:36 Loom
9:28 Feudal Age
21:00 Castle Age
20:03 Double-Bit Axe
20:03 Horse Collar
30:38 Wheelbarrow
32:22 Pikeman
34:23 Hand Cart
34:38 Gold Mining
37:33 Scale Mail Armor
37:54 Bow Saw
37:50 Heavy Plow
38:34 Chain Mail Armor
42:21 Imperial Age
IRON MIKE
9:48 Feudal Age
10:32 Double-Bit Axe
13:29 Fletching
16:08 Horse Collar
19:16 Loom
22:09 Castle Age
22:07 Gold Mining
22:16 Crossbowman
24:09 Bodkin Arrow
25:03 Padded Archer Armor
25:47 Thumb Ring
31:45 Bow Saw
34:10 Imperial Age
33:38 Ballistics
35:19 Wheelbarrow
34:57 Bracer
36:05 Chemistry
37:03 Caravan
37:10 Squires
36:31 Pikeman
38:31 Arbalester
40:04 Halberdier
41:32 Hand Cart
noob
9:38 Loom
11:56 Feudal Age
15:00 Double-Bit Axe
17:36 Castle Age
16:43 Horse Collar
16:58 Gold Mining
16:59 Stone Mining
26:56 Bow Saw
26:48 Heavy Plow
27:25 Gold Shaft Mining
26:53 Scale Mail Armor
28:46 Wheelbarrow
27:56 Town Watch
28:47 Town Watch
29:55 Forging
30:01 Chain Mail Armor
29:50 Gambesons
30:05 Squires
29:51 Arson
32:43 Imperial Age
31:24 Iron Casting
30:56 Treadmill Crane
31:27 Masonry
31:38 Ballistics
31:14 Murder Holes
32:12 Caravan
33:06 Elite Samurai
34:08 Kataparuto
34:09 Conscription
36:53 Blast Furnace
36:24 Plate Mail Armor
36:59 Chemistry
36:08 Siege Engineers
38:27 Onager
Connection lost

Rejoining the realm…

Still unreachable

The connection could not be restored.

Session expired

The server has moved on; the page needs a fresh start.